 Dungeon Crawl Stone Soup version 0.19-a0-465-g1d1674b (webtiles) character file.

12814 mistymad the Covert (level 11, -9/83 HPs)
             Began as a Vampire Enchanter on June 3, 2016.
             Was a Believer of Ashenzari.
             Killed from afar by an electric eel (12 damage)
             ... with a bolt of electricity
             ... on level 3 of the Lair of Beasts on June 4, 2016.
             The game lasted 00:41:05 (14711 turns).

mistymad the Covert (Vampire Enchanter)            Turns: 14711, Time: 00:41:06

Health: -9/83      AC:  9    Str:  7    XL:     11   Next: 67%
Magic:  21/21      EV: 18    Int: 19    God:    Ashenzari [**....]
Gold:   813        SH:  0    Dex: 17    Spells: 6 memorised, 8 levels left

rFire  . . .     SeeInvis +     N - +1 dagger (elec)
rCold  + . .     Gourm    .     c - +2 animal skin
rNeg   + + .     Faith    .     (no shield)
rPois  +         Spirit   .     g - +0 helmet
rElec  .         Dismiss  .     F - +2 cloak
rCorr  +         Reflect  .     y - +0 pair of gloves
SustAt .         Harm     .     (no boots)
MR     +....                    (no amulet)
Stlth  ++++++....               (no ring)
                                o - ring of resist corrosion

@: regenerating slowly, somewhat resistant to hostile enchantments, very
stealthy
A: fangs 3, see invisible, unbreathing
a: Bat Form, Curse Item, Scrying, Renounce Religion


You were on level 3 of the Lair of Beasts.
You worshipped Ashenzari.
Ashenzari was pleased with you.
You were thirsty.

You visited 3 branches of the dungeon, and saw 14 of its levels.

You collected 813 gold pieces.

Inventory:

Hand Weapons
 N - a +1 dagger of electrocution (weapon)
Missiles
 n - a throwing net (quivered)
Armour
 c - a +2 animal skin (worn)
 g - a +0 helmet (worn)
 y - a +0 pair of gloves (worn)
 F - a +2 cloak (worn)
Jewellery
 o - a ring of resist corrosion (left hand)
 C - an uncursed ring of stealth
 H - an uncursed ring of protection from magic
Wands
 m - a wand of paralysis (8/24)
 O - a wand of confusion (31/48)
 P - a wand of lightning (5/15)
Scrolls
 a - a scroll of random uselessness {unknown}
 b - a scroll of enchant weapon {unknown}
 f - 2 scrolls of remove curse
 j - 2 scrolls of blinking {unknown}
 p - 4 scrolls of magic mapping {unknown}
 r - 4 scrolls of fear {unknown}
 s - 2 scrolls of immolation {unknown}
 u - 9 scrolls of identify {unknown}
 v - 4 scrolls of fog {unknown}
 w - a scroll of brand weapon {unknown}
 B - 2 scrolls of recharging {unknown}
 E - 2 scrolls of holy word {unknown}
 I - a scroll of torment {unknown}
 L - 3 scrolls of teleportation {unknown}
 M - a scroll of enchant armour {unknown}
 T - a scroll of summoning {unknown}
Potions
 d - 16 potions of blood
 e - 3 potions of curing {unknown}
 h - a potion of cure mutation {unknown}
 i - 2 potions of invisibility {unknown}
 k - 4 potions of might {unknown}
 l - a potion of magic {unknown}
 q - 3 potions of degeneration {unknown}
 t - 2 potions of cancellation {unknown}
 x - 3 potions of berserk rage {unknown}
 z - 4 potions of haste {unknown}
 A - a potion of mutation {unknown}
 D - 3 potions of flight {unknown}
 G - a potion of agility {unknown}
 J - a potion of brilliance {unknown}
 K - 4 potions of ambrosia {unknown}
 Q - a potion of heal wounds {unknown}
 S - 2 potions of lignification {unknown}
Books
 R - a Necronomicon

   Spells                             Type                      Level
   a - Haunt                          Necromancy/Summoning         7
   b - Borgnjor's Revivification      Necromancy                   8
   c - Death's Door                   Charms/Necromancy            8
   d - Necromutation                  Transmutation/Necromancy     8


   Skills:
 + Level 6.9 Fighting
 + Level 8.2 Short Blades
 + Level 9.0 Dodging
 + Level 12.0 Stealth
 + Level 6.9 Spellcasting
 + Level 10.8 Hexes
 + Level 5.3 Charms


You had 8 spell levels left.
You knew the following spells:

 Your Spells              Type           Power        Failure   Level  Hunger
a - Corona                Hex            #####..      1%          1    None
b - Ensorcelled Hibernat  Hex/Ice        ####..       1%          2    None
c - Confuse               Hex            #####...     1%          3    #......
d - Tukima's Dance        Hex            #####...     1%          3    #......
e - Dazzling Spray        Conj/Hex       ####..       3%          3    #......
f - Ozocubu's Armour      Chrm/Ice       ###.....     12%         3    #......


Dungeon Overview and Level Annotations

Branches:
Dungeon (10/15)            Temple (1/1) D:4            Lair (3/8) D:8
  Swamp (0/4) Lair:3
  Snake: Lair:3-6    Spider: Lair:3-6       Orc: D:9-12

Altars:
Ashenzari
Cheibriados
Dithmenos
Elyvilon
Fedhas
Gozag
Hepliaklqana
Kikubaaqudgha
Makhleb
Nemelex Xobeh
Okawaru
Pakellas
Qazlal
Ru
Sif Muna
Trog
Uskayaw
Vehumet
Xom
Yredelemnul
Zin
The Shining One

Shops:
D:4 (*(?:

Annotations:
Lair:3 Rupert


Innate Abilities, Weirdness & Mutations

You heal slowly.
You have razor-sharp teeth.
You have supernaturally acute eyesight. (SInv)
You can survive without breathing.


Message History

The electric eel shoots out a bolt of lightning at you!
The bolt of electricity hits the electric eel.
The electric eel completely resists.
The bolt of electricity hits you!
You take 32 damage, and have 44/83 hp.
MASSIVE DAMAGE!!
Okay, then.
The electric eel shoots out a bolt of lightning at you!
The bolt of electricity misses you.
The electric eel shoots out a bolt of lightning at you!
The bolt of electricity hits the electric eel.
The electric eel completely resists.
The bolt of electricity hits you!
You take 13 damage, and have 31/83 hp.
The electric eel shoots out a bolt of lightning at you!
The bolt of electricity hits you! x2
* * * LOW HITPOINT WARNING * * *
Rupert hits you with a great mace of protection!
* * * LOW HITPOINT WARNING * * *
You take 28 damage, and have 3/83 hp.
MASSIVE DAMAGE!!
The electric eel shoots out a bolt of lightning at you!
The bolt of electricity hits you!
You die...

#.†.........# *,
#....†......#### ,
#............#.# .
#.............##..
#..........<...#..
##.............#...
#..................
##.................
##@..........†.....
#.........§§...##..
##@.........§..# ..
#......§§≈§§§.# ,.
#.....§;;§;§... ,
#.....§;§§§;...# ,
#......§§§§≈..§.,
#.......§≈§§§....
*.#......... ,


You could see Rupert (berserk) and 3 electric eels.

Vanquished Creatures
  A hydra (Lair:1)
  Urug (Lair:1)
  A hill giant (D:10)
  A gargoyle (D:10)
  2 spiny frogs
  A komodo dragon (Lair:2)
  A troll (D:9)
  Prince Ribbit (D:5)
  A spriggan (D:9)
  7 yaks
  Grum (Lair:1)
  A basilisk (Lair:1)
  4 hippogriffs
  Edmund (D:5)
  4 porcupines
  The ghost of p0werm0de the Magician, an amateur VSSk of Xom (D:5)
  5 water moccasins
  An orc warrior (D:9)
  2 ice beasts
  3 sky beasts
  A wasp (D:10)
  A black bear (D:9)
  3 necrophages
  An eye of draining (D:9)
  5 ogres
  3 wolves (Lair:1)
  6 centaurs
  3 crocodiles (Lair:2)
  2 big kobolds
  16 giant frogs
  A water moccasin zombie (D:7)
  A wyvern skeleton (D:9)
  2 scorpions
  12 killer bees
  9 wights
  A howler monkey (D:6)
  3 crimson imps
  A centaur zombie (D:7)
  Crazy Yiuf (D:5)
  7 hounds
  2 orc priests
  4 giant frog skeletons
  4 jellies
  4 orc wizards
  Jessica (D:3)
  4 iguanas
  5 worker ants
  4 hell rats
  A hound zombie (D:8)
  2 gnolls (D:4)
  9 adders
  34 river rats
  2 adder zombies
  3 worms
  3 adder skeletons
  4 dart slugs
  5 giant geckos
  20 orcs
  A ball python (D:4)
  6 bats
  5 giant cockroaches
  9 hobgoblins
  14 jackals
  20 kobolds
  5 quokkas
  3 giant gecko skeletons
  7 giant newts
  4 goblins
  A jackal skeleton (D:7)
  11 rats
316 creatures vanquished.

Vanquished Creatures (collateral kills)
  A two-headed ogre (D:8)
  A gnoll (D:4)
2 creatures vanquished.

Grand Total: 318 creatures vanquished

Notes
Turn   | Place    | Note
--------------------------------------------------------------
     0 | D:1      | mistymad the Vampire Enchanter began the quest for the Orb.
     0 | D:1      | Reached XP level 1. HP: 13/13 MP: 3/3
     7 | D:1      | Noticed an electric eel
    90 | D:1      | Reached XP level 2. HP: 19/19 MP: 5/5
   505 | D:1      | Learned a level 2 spell: Ensorcelled Hibernation
   515 | D:1      | Reached skill level 5 in Stealth
   553 | D:1      | Reached skill level 5 in Hexes
   599 | D:1      | Reached XP level 3. HP: 15/24 MP: 6/6
  1158 | D:2      | Learned a level 3 spell: Confuse
  1170 | D:2      | Found a bloodstained altar of Trog.
  2009 | D:2      | Reached XP level 4. HP: 23/31 MP: 2/7
  2071 | D:2      | Reached skill level 1 in Fighting
  2704 | D:3      | Found a radiant altar of Vehumet.
  2945 | D:3      | Noticed Jessica
  2947 | D:3      | Killed Jessica
  2947 | D:3      | Reached XP level 5. HP: 37/37 MP: 8/8
  3766 | D:4      | Noticed an ogre
  3783 | D:4      | Killed an ogre
  3783 | D:4      | Reached skill level 6 in Stealth
  3783 | D:4      | Reached XP level 6. HP: 44/44 MP: 4/10
  3862 | D:4      | Found Denkehol's Antique Weapon Shoppe.
  3871 | D:4      | Found Ehoader's Magic Scroll Emporium.
  4202 | D:4      | Found Vuth's Weapon Shoppe.
  4278 | D:4      | Found Cerif's Book Shop.
  4352 | D:4      | Found Fopempuq's General Store.
  4429 | D:4      | Found a staircase to the Ecumenical Temple.
  4448 | D:4      | Learned a level 3 spell: Tukima's Dance
  5225 | D:4      | Found a burning altar of Makhleb.
  5251 | Temple   | Entered the Ecumenical Temple
  5360 | Temple   | Became a worshipper of Ashenzari the Shackled
  5434 | D:4      | Reached XP level 7. HP: 43/51 MP: 8/11
  5487 | D:5      | Entered Level 5 of the Dungeon
  5487 | D:5      | Noticed p0werm0de's ghost (amateur VSSk)
  5498 | D:5      | Killed p0werm0de's ghost
  5579 | D:5      | Found a shimmering altar of Xom.
  5595 | D:5      | Found a hide-covered altar of Uskayaw.
  5724 | D:5      | Noticed Edmund
  5730 | D:5      | Killed Edmund
  5820 | D:5      | Noticed a yak
  5822 | D:5      | Noticed a yak
  5830 | D:5      | Noticed a yak
  6202 | D:5      | Noticed Prince Ribbit
  6219 | D:5      | Killed Prince Ribbit
  6219 | D:5      | Reached skill level 7 in Stealth
  6348 | D:5      | Reached XP level 8. HP: 56/58 MP: 13/13
  6373 | D:5      | Noticed Crazy Yiuf
  6386 | D:5      | Killed Crazy Yiuf
  6386 | D:5      | Reached skill level 5 in Dodging
  6740 | D:6      | Learned a level 3 spell: Dazzling Spray
  7196 | D:6      | Reached * piety under Ashenzari
  7275 | D:6      | Reached skill level 8 in Stealth
  7569 | D:7      | Reached skill level 5 in Short Blades
  7865 | D:7      | Reached XP level 9. HP: 65/65 MP: 12/16
  8201 | D:7      | Found a hazy altar of Hepliaklqana.
  8493 | D:4      | Found a deep blue altar of Sif Muna.
  8529 | D:5      | Reached skill level 5 in Spellcasting
  8534 | D:5      | Reached skill level 9 in Stealth
  8916 | D:8      | Learned a level 3 spell: Ozocubu's Armour
  9094 | D:8      | Reached skill level 1 in Charms
  9353 | D:8      | Reached skill level 5 in Fighting
  9424 | D:8      | Reached skill level 10 in Stealth
  9510 | D:8      | Reached XP level 10. HP: 62/74 MP: 5/18
  9920 | D:8      | Found a staircase to the Lair.
 10354 | D:9      | Found a stormy altar of Qazlal.
 11563 | D:10     | Entered Level 10 of the Dungeon
 11673 | D:10     | Reached ** piety under Ashenzari
 11749 | D:10     | Reached skill level 11 in Stealth
 11966 | D:10     | Noticed a gargoyle
 11976 | D:10     | Killed a gargoyle
 12019 | D:10     | Noticed a hill giant
 12030 | D:10     | Killed a hill giant
 12030 | D:10     | Reached skill level 10 in Hexes
 12361 | Lair:1   | Entered Level 1 of the Lair of Beasts
 12369 | Lair:1   | Reached XP level 11. HP: 81/81 MP: 20/20
 12540 | Lair:1   | Noticed Grum
 12547 | Lair:1   | Killed Grum
 13035 | Lair:1   | Noticed a five-headed hydra
 13046 | Lair:1   | Killed a five-headed hydra
 13128 | Lair:1   | Noticed Urug
 13135 | Lair:1   | Killed Urug
 13352 | Lair:1   | Found a glowing golden altar of the Shining One.
 13979 | Lair:2   | Reached skill level 5 in Charms
 14648 | Lair:3   | Found a staircase to the Swamp.
 14650 | Lair:3   | Reached skill level 12 in Stealth
 14700 | Lair:3   | Noticed Rupert
 14710 | Lair:3   | HP: 3/83 [Rupert/great mace of protection (16)]
 14711 | Lair:3   | Killed from afar by an electric eel

Vault maps used:
D:1:      arrival_aquarium_a, st_stairs_11, nrook_uturn
D:2:      bloody_trog
D:3:      fiery_altar_vehumet, first_bread, serial_bayou_lagoon_b, uniq_jessica
D:4:      nicolae_overflow_hidden_temple, makhleb_grotto_becter,
          minmay_temple_entry_statues_pillars, serial_shops, shop_statue, shop,
          shop, shop, shop_statue, grunt_ministairs_13,
          minmay_misc_feat_four_crosses
D:5:      xom_butterflies, lemuel_crystal_altar, uniq_crazy_yiuf_cottage,
          uniq_prince_ribbit1, uniq_edmund
D:7:      marbit_many_paths
D:8:      dpeg_lair_monsters
D:9:      old_standard_altar, grunt_pizzeria
Temple:   water_room_temple_a_12
Lair:1:   kennysheep_rathole, lemuel_centaur_altar, lemuel_fruit_tree,
          uniq_grum, uniq_urug
Lair:3:   minmay_swamp_entry_eels, cheibrodos_lair_caveside_slide,
          serial_bayou_pond_a, grunt_megastairs_2, uniq_rupert

Skill      XL: |  1  2  3  4  5  6  7  8  9 10 11 |
---------------+----------------------------------+-----
Stealth        | 5 6 7 8 10 11 12 | 12.0
Hexes          | 5 6 7 9 10 | 10.8
Short Blades   | 2 3 4 5 6 7 8 |  8.2
Fighting       | 1 2 3 4 5 6 |  6.9
Dodging        | 3 4 5 6 8 9 |  9.0
Spellcasting   | 3 4 5 6 |  6.9
Charms         | 2 4 5 |  5.3

Action                   |  1- 3 |  4- 6 |  7- 9 | 10-12 || total
-------------------------+-------+-------+-------+-------++-------
Melee: Dagger            |   186 |   296 |   415 |   441 ||  1338
       Bite              |     8 |    19 |    40 |    38 ||   105
       Unarmed           |       |       |       |     3 ||     3
 Cast: Ensorcelled Hiber |     9 |    15 |    27 |    44 ||    95
       Confuse           |       |    11 |    40 |    46 ||    97
       Tukima's Dance    |       |     1 |     4 |     3 ||     8
       Dazzling Spray    |       |       |       |     5 ||     5
       Ozocubu's Armour  |       |       |       |     1 ||     1
 Abil: End Transformatio |       |       |       |     1 ||     1
       Bat Form          |       |       |       |     1 ||     1
Evoke: Wand              |       |       |     1 |       ||     1
  Use: Potion            |     2 |     6 |     6 |     7 ||    21
 Stab: Sleeping          |    10 |    19 |    30 |    59 ||   118
       Distracted        |       |     1 |       |       ||     1
       Confused          |       |     6 |    24 |    23 ||    53
       Paralysed         |       |       |     1 |       ||     1
Armor: Robe              |    53 |    71 |   117 |    43 ||   284
       Animal skin       |       |       |       |    13 ||    13
Dodge: Dodged            |   124 |   194 |   320 |   216 ||   854
